 Dungeon Crawl Stone Soup version 0.20.1-1-g8b1a95d (webtiles) character file.

59 dvd the Scratcher (level 3, -1/15 HPs)
             Began as a Felid Transmuter on Oct 6, 2017.
             Slain by Natasha (8 damage)
             ... on level 2 of the Dungeon.
             The game lasted 00:03:45 (1619 turns).

dvd the Scratcher (Felid Transmuter)                Turns: 1619, Time: 00:03:46

Health: -1/15      AC:  1    Str:  6    XL:     3   Next: 78%
Magic:  6/7        EV: 19    Int: 15    God:
Gold:   88         SH:  2    Dex: 20    Spells: 5/6 levels left
                                        Lives:  0   Deaths: 0

rFire    . . .     SeeInvis +     - Unarmed
rCold    . . .     Gourm    .   (shield unavailable)
rNeg     + . .     Faith    .   (armour unavailable)
rPois    .         Spirit   .   (helmet unavailable)
rElec    .         Reflect  +   (cloak unavailable)
rCorr    .         Harm     .   (gloves unavailable)
MR       .....                  (boots unavailable)
Stlth    ++........             i - +2 amulet of reflection
Regen    0.1/turn               n - +4 ring of dexterity
MPRegen  0.1/turn               o - ring of positive energy

@: appendage (expiring), quick
A: no armour, no weapons or thrown items, stealth, claws 1, fangs 3, horns 2,
see invisible, carnivore 3, speed 1, shaggy fur 1, slow metabolism 1, sharp paws
a: End Transformation


You were on level 2 of the Dungeon.
You were completely stuffed.
You had grown temporary horns.
You visited 1 branch of the dungeon, and saw 2 of its levels.

You collected 88 gold pieces.

Inventory:

Missiles
 a - 55 arrows
Jewellery
 i - a +2 amulet of reflection (around neck)
 n - a +4 ring of dexterity (left paw)
 o - a ring of positive energy (right paw)
Scrolls
 d - 2 scrolls of fog {unknown}
 e - a scroll of enchant armour {unknown}
 h - a scroll of identify {unknown}
 k - a scroll of recharging {unknown}
 l - a scroll of teleportation {unknown}
 m - a scroll of magic mapping {unknown}
Potions
 g - a potion of flight {unknown}
 j - a potion of haste {unknown}
Books
 b - a book of Changes

   Spells                             Type                      Level
   a - Beastly Appendage              Transmutation                1
   b - Sticks to Snakes               Transmutation                2
   c - Spider Form                    Transmutation/Poison         3
   d - Ice Form                       Ice/Transmutation            4
   e - Blade Hands                    Transmutation                5
Comestibles
 c - 2 meat rations
 f - 2 royal jellies


   Skills:
 + Level 1.0 Fighting
 + Level 3.1 Dodging
 + Level 0.4 Stealth
 + Level 3.6 Unarmed Combat
 + Level 2.4 Spellcasting
 * Level 3.2 Transmutations


You had 5 spell levels left.
You knew the following spells:

 Your Spells              Type           Power        Failure   Level  Hunger
a - Beastly Appendage     Tmut           ##....       5%          1    #......


Dungeon Overview and Level Annotations

Branches:
Dungeon (2/15)

Altars:
Nemelex Xobeh
The Shining One

Annotations:
D:2 Natasha


Innate Abilities, Weirdness & Mutations

You cannot wear armour.
You are incapable of wielding weapons or throwing items.
Your paws allow you to move quietly. (Stealth)
You have sharp claws.
You have razor-sharp teeth.
You have supernaturally acute eyesight. (SInv)
You are carnivorous and can eat meat at any time.
You cover ground quickly.
You are covered in fur. (AC +1)
You have a slow metabolism.
Your sharp claws are effective at attacking unaware monsters.
You have a pair of horns on your head.


Message History

Your horns disappear.
You open the door.
Natasha, Servant of Life and Death comes into view.
Found a scroll labeled RUYPTITHULU, a robe and 7 gold pieces.
Natasha hisses angrily.
Casting: Beastly Appendage
Confirm with . or Enter, or press ? or * to list all spells.
You grow a pair of large bovine horns.
Natasha stares at you and mumbles some strange words.
The magic dart hits you!
Ouch! That really hurt!
Natasha barely misses you.
You barely miss Natasha. Your headbutt misses Natasha.
Your transformation is almost over.
Natasha barely misses you.
You scratch Natasha. You headbutt Natasha, but do no damage.
Natasha is lightly wounded.
Natasha claws you!
Ouch! That really hurt!
You die...

##.# #. ...# ## #..# #+
#.. ... ... .... ####.#
$.... ##.##.# #
......####...#.#########
......h@................
.....?##.........#######
..[.. #.##.##.#.# # ....
#.#####.#.# ... #.#
#.#.# # #+ #.# ..#.# ##
#.# ###.# #. #.# #.# #.
#.# #.


You could see Natasha.

Vanquished Creatures
  A gnoll (D:1)
  4 dart slugs
  2 leopard geckos
  2 bats (D:1)
  6 giant cockroaches
  3 hobgoblins (D:1)
  A ball python (D:2)
  3 frilled lizards (D:1)
  2 goblins (D:1)
  7 kobolds (D:1)
  9 rats
40 creatures vanquished.

Notes
Turn   | Place    | Note
-------+----------+-------------------------------------------
     0 | D:1      | dvd the Felid Transmuter began the quest for the Orb.
     0 | D:1      | Reached XP level 1. HP: 9/9 MP: 4/4
   274 | D:1      | Reached XP level 2. HP: 6/12 MP: 4/6
   621 | D:1      | Reached XP level 3. HP: 7/15 MP: 5/7
  1367 | D:2      | Found a glowing golden altar of the Shining One.
  1489 | D:2      | Found a sparkling altar of Nemelex Xobeh.
  1611 | D:2      | Noticed Natasha
  1619 | D:2      | Slain by Natasha

Skill      XL: |  1  2  3 |
---------------+----------+-----
Dodging        | 3 |  3.1
Transmutations | 3 |  3.2
Fighting       | |  1.0
Stealth        | |  0.4
Unarmed Combat | |  3.6
Spellcasting   | |  2.4

Action                   || total
-------------------------++-------
Melee: Unarmed           ||   101
       Headbutt          ||    14
       Bite              ||     5
       Punch             ||     1
 Cast: Beastly Appendage ||    26
 Stab: Sleeping          ||     5
  Eat: Chunk             ||     9
Armor: Skin              ||     5
Dodge: Dodged            ||    71
